 Dungeon Crawl Stone Soup version 0.19-a0-742-g4563caa (webtiles) character file.

283430 4thArraOfDagon the Brawler (level 19, -1/192 HPs)
             Began as a Troll Warper on June 23, 2016.
             Was a Priest of Cheibriados.
             Shot with an arrow by a deep elf master archer (25 damage)
             ... on level 3 of the Elven Halls.
             The game lasted 01:40:09 (12943 turns).

4thArraOfDagon the Brawler (Troll Warper)          Turns: 12943, Time: 01:40:09

Health: -1/192     AC: 27    Str: 44    XL:     19   Next: 32%
Magic:  17/24      EV: 20    Int: 20    God:    Cheibriados [***...]
Gold:   2146       SH: 17    Dex: 32    Spells: 5 memorised, 11 levels left

rFire  + + .     SeeInvis .       - Unarmed
rCold  + . .     Gourm    +     n - +0 gold dragon armour
rNeg   . . .     Faith    .     X - +1 shield
rPois  +         Spirit   .     y - +1 hat
rElec  .         Dismiss  +     K - +1 cloak
rCorr  .         Reflect  .     (gloves unavailable)
SustAt +         Harm     .     (boots unavailable)
MR     +....     Clarity  +     p - amulet "Fetraagan" {Dismiss Str+2 Dex+6}
Stlth  ..........               M - ring of Ryig {SustAt rF+ Str+3 Dex+3}
                                a - +4 ring of slaying

@: mighty, agile, lethally poisoned (-1 -> -1), about to teleport, very slightly
contaminated, drained, very slow, somewhat resistant to hostile enchantments,
extremely unstealthy
A: unfitting armour, beak, claws 3, horns 2, rugged brown scales 1, clarity,
clever 1, clumsy 2, fast metabolism 3, gourmand, mutation resistance 1,
regeneration 2, shaggy fur 1, strong 1, tough skin 2
a: Bend Time, Temporal Distortion, Renounce Religion
}: 3/15 runes: decaying, slimy, gossamer


You were on level 3 of the Elven Halls.
You worshipped Cheibriados.
Cheibriados was most pleased with you.
You were very full.

You visited 7 branches of the dungeon, and saw 39 of its levels.
You visited the Abyss 1 time.
You visited 1 bazaar.
You also visited: Ossuary, Bailey, Ice Cave and Volcano.

You collected 4106 gold pieces.
You spent 1960 gold pieces at shops.

Inventory:

Missiles
 d - 3 tomahawks of dispersal
 s - 2 throwing nets
 U - 20 large rocks (quivered)
Armour
 n - a +0 gold dragon armour (worn)
 w - the +1 robe of Virtue {rN+ Slay+2}
   (You found it on level 15 of the Dungeon)

   It affects your accuracy and damage with ranged weapons and melee attacks
   (+2).
   It protects you from negative energy.
 y - a +1 hat (worn)
 K - a +1 cloak (worn)
 X - a +1 shield (worn)
Rods
 J - a +6 rod of shadows (12/12)
   (You found it on level 5 of the Pits of Slime)
Jewellery
 a - a +4 ring of slaying (left claw)
 m - an uncursed ring of positive energy
 p - the amulet "Fetraagan" (around neck) {Dismiss Str+2 Dex+6}
   (You found it on level 5 of the Pits of Slime)

   [amulet of dismissal]

   It may teleport away creatures that harm you.
   It affects your strength (+2).
   It affects your dexterity (+6).
 x - an uncursed ring of protection from fire
 C - an uncursed ring of protection from cold
 I - an uncursed ring of see invisible
 M - the ring of Ryig (right claw) {SustAt rF+ Str+3 Dex+3}
   (You bought it in a shop in a bazaar)

   [ring of sustain attributes]

   It sustains your strength, intelligence and dexterity.
   It affects your strength (+3).
   It affects your dexterity (+3).
   It protects you from fire.
 P - an uncursed amulet of regeneration
 T - an uncursed ring of resist corrosion
Wands
 l - a wand of acid (3/15)
 o - a wand of acid (5/15)
 q - a wand of iceblast (10/15)
 F - a wand of digging (4/24)
 Z - a wand of polymorph (11/24)
Scrolls
 c - a scroll of silence
 i - 4 scrolls of recharging
 j - 4 scrolls of identify
 k - 6 scrolls of remove curse
 u - 4 scrolls of fear
 v - a scroll of blinking
 A - a scroll of vulnerability
 L - 2 scrolls of teleportation
Potions
 e - 4 potions of curing
 g - a potion of brilliance
 r - a potion of agility
 B - 3 potions of magic
 G - 2 potions of cure mutation
 Q - a potion of invisibility
 S - 5 potions of berserk rage
 V - 2 potions of flight
 W - 2 potions of cancellation
 Y - 4 potions of ambrosia
Miscellaneous
 D - a fan of gales
 N - a phial of floods
 O - a box of beasts
 R - a sack of spiders
Comestibles
 f - 8 bread rations
 h - 13 meat rations
 t - 15 royal jellies


   Skills:
 - Level 11.2(10.5) Fighting
 - Level 0.8(0.3) Throwing
 - Level 15.0(14.2) Armour
 - Level 11.0(10.3) Dodging
 - Level 12.0(11.3) Shields
 - Level 17.5(16.8) Unarmed Combat
 + Level 3.5(3.0) Spellcasting
 - Level 3.1(2.5) Translocations
 * Level 4.0(3.5) Transmutations
 * Level 4.7(4.1) Earth Magic
 - Level 8.2(7.6) Invocations
 - Level 4.4(3.8) Evocations


You had 11 spell levels left.
You knew the following spells:

 Your Spells              Type           Power        Failure   Level  Hunger
a - Apportation           Tloc           ##........   38%         1    None
b - Blink                 Tloc           N/A          65%         2    ##.....
c - Animate Skeleton      Necr           N/A          92%         1    None
d - Passage of Golubria   Tloc           N/A          100%        4    ####...
e - Statue Form           Tmut/Erth      ###......    100%        6    #######


Dungeon Overview and Level Annotations

Branches:
Dungeon (15/15)              Lair (6/6) D:11          Swamp (4/4) Lair:2
 Spider (4/4) Lair:2        Slime (5/5) Lair:5          Orc (2/2) D:12
    Elf (3/3) Orc:2        Vaults (0/5) D:13
 Temple: D:4-7       Depths: D:15

Altars:
Ashenzari
Cheibriados
Dithmenos
Elyvilon
Gozag
Hepliaklqana
Nemelex Xobeh
Pakellas
Sif Muna
Vehumet
Yredelemnul
Zin
Jiyva

Shops:
D:5 =   Orc:2 [[!=

Annotations:
D:7 Duvessa
D:8 Erolcha
Elf:3 Liquid's ghost, adept GrMo


Innate Abilities, Weirdness & Mutations

You are too large for most types of armour.
You have claws for hands.
Your metabolism is lightning-fast.
You like to eat raw meat.
You heal very quickly.
You are covered in fur. (AC +1)
You have very tough skin. (AC +2)
You have a beak for a mouth.
You have a pair of horns on your head.
You are partially covered in rugged brown scales. (AC +1, +3% HP)
You possess an exceptional clarity of mind.
Your mind is acute. (Int +2)
You are very clumsy. (Dex -4)
You are somewhat resistant to further mutation.
Your muscles are strong. (Str +2)


Message History

The large abomination hits you!
* * * LOW HITPOINT WARNING * * *
Unknown command.
Unknown command.
Unknown command.
Unknown command.
Unknown command.
Blink to where?
Press: ? - help, Dir - move target cursor You are very lightly contaminated with residual magic.
As you read the scroll of blinking, it crumbles to dust.
You feel sick.
Unknown command.
Unknown command.
As you read the scroll of teleportation, it crumbles to dust.
You feel strangely unstable.
The deep elf master archer wields a longbow.
The deep elf master archer shoots an arrow.
The arrow hits you!!
You die...

,,,,#<# **,*
**#..).##.######
,,,,### *,,*
*,##.))Xe...##.#
*****,* *,**
*,#.)..Xe......#
*,* *,*
*,##.#e....###.#
*,* *,*
*,......#### #.#
*,* *,* *###.####
#.# *,* *,* #..#
#.# *,* *,* ##.#.#
####.# *,* *,*
#@##.## #....#
*****,* *,* ###...#
#.#### ,,,,*,*
*,**#####...# #.#
***,*,*
*,,,.......<#####.#
*,*,*
*,,,....#......##.#
*,*,*
*,**##,###........#
*,,,* *,*
#..#..)...####
*,*** *,*
###....#### *,**
*,* ##...#


You could see 2 deep elf master archers, a ghostly deep elf death mage and 2
large abominations.

Vanquished Creatures
  the Royal Jelly (Slime:5)
  Mara (Spider:4)
  Arachne (Spider:4)
  2 deep elf blademasters (Elf:3)
  18 acid blobs
  Frances (Spider:2)
  A sphinx (D:15)
  Agnes (Spider:4)
  2 thorn hunters
  11 azure jellies
  A fire giant (D:15)
  3 deep elf sorcerers (Elf:3)
  Wiglaf (Spider:4)
  4 ghost moths (Spider:4)
  A frost giant (D:15)
  Louise (Spider:2)
  4 deep elf elementalists (Elf:3)
  8 emperor scorpions
  An entropy weaver (Spider:4)
  A stone giant (Orc:1)
  2 very ugly things (IceCv)
  A vampire knight (D:15)
  A spark wasp (Spider:4)
  3 deep elf demonologists
  2 deep elf annihilators (Elf:3)
  An ettin (D:15)
  9 death oozes (Slime:5)
  Snorg (Orc:1)
  2 deep elf death magi (Elf:3)
  A yaktaur captain (D:15)
  A deep elf high priest (Elf:3)
  3 great orbs of eyes
  A rakshasa (D:15)
  4 vault guards (D:13)
  11 hydras
  7 alligators
  A death knight (D:15)
  3 centaur warriors (D:13)
  A deep troll earth mage (D:15)
  3 ogre magi
  2 tengu warriors (D:15)
  3 dancing weapons
  7 death yaks
  A shock serpent (shapeshifter) (D:15)
  3 orc high priests (Orc:2)
  Sonja (D:12)
  2 deep elf knights
  2 skeletal warriors (D:15)
  A hell knight (D:15)
  A giant orange brain (D:15)
  A wizard (D:15)
  5 spriggan druids
  2 unseen horrors
  13 swamp dragons
  2 shambling mangroves
  3 deep elf archers
  3 lindwurms (Swamp:4)
  9 orb spiders
  9 orc knights
  11 hill giants
  A harpy (D:15)
  3 cyclopes
  4 orc sorcerers (Orc:2)
  16 deep elf magi
  3 hornets
  5 shining eyes
  13 ugly things
  19 wolf spiders
  3 manticores (D:15)
  7 griffons
  Joseph (Lair:1)
  2 moths of wrath
  10 elephants
  7 ice statues
  A guardian serpent (shapeshifter) (D:15)
  7 black mambas
  A guardian serpent (Lair:6)
  2 gargoyles
  16 spiny frogs
  4 yaktaurs
  4 rime drakes
  2 efreet
  3 anaconda simulacra (IceCv)
  3 komodo dragons
  A freezing wraith (D:13)
  5 demonic crawlers
  2 tengu conjurers
  A redback zombie (D:14)
  A polar bear (Spider:4)
  11 jumping spiders
  2 queen bees
  5 trolls
  A wolf spider simulacrum (D:15)
  2 boulder beetles
  3 meliai (Lair:4)
  4 giant leeches
  A hornet zombie (D:15)
  4 blink frogs (Lair:6)
  A centaur simulacrum (D:15)
  27 slime creatures
  A meliai zombie (D:15)
  46 redbacks
  A spriggan (shapeshifter) (Elf:1)
  2 shadows
  32 yaks
  2 water elementals (Elf:1)
  5 spriggans
  13 wyverns
  18 tarantellas
  3 hogs (Swamp:3)
  5 basilisks
  2 fire elementals
  7 hippogriffs
  A golden eye (Slime:5)
  14 vampire mosquitoes
  2 hungry ghosts
  An iron troll simulacrum (IceCv)
  11 insubstantial wisps
  12 swamp worms
  4 wargs
  A mottled dragon (shapeshifter) (D:15)
  A harpy simulacrum (IceCv)
  A soldier ant (D:15)
  3 hydra simulacra (IceCv)
  15 water moccasins
  12 ice beasts
  12 swamp drakes
  7 eyes of draining
  An ettin simulacrum (IceCv)
  A sky beast (D:9)
  18 orc warriors
  12 wasps
  2 phantoms
  2 black bears
  8 wolves (Lair:4)
  9 ogres
  A centaur (D:15)
  8 crocodiles
  2 big kobolds
  2 elf zombies (Ossuary)
  15 giant frogs
  2 scorpions
  Dowan (D:7)
  50 killer bees
  15 wights
  3 electric eels
  2 howler monkeys (D:6)
  3 crimson imps
  4 centaur zombies
  2 giant frog zombies
  6 hounds
  2 centaur skeletons
  2 human zombies (Ossuary)
  10 orc priests
  A giant frog skeleton (D:11)
  12 orc wizards
  3 iguanas
  15 worker ants
  14 sheep
  2 big kobold zombies (Ossuary)
  2 mummies (Ossuary)
  6 gnolls
  13 adders
  26 river rats
  2 shadow imps
  An ooze (D:4)
  An adder zombie (D:8)
  An adder skeleton (D:7)
  2 worms
  3 giant geckos
  48 orcs
  2 ball pythons
  12 bats
  2 giant cockroaches
  9 goblins
  4 hobgoblins
  8 jackals
  A quokka (D:7)
  A giant gecko skeleton (D:5)
  8 giant newts
  A goblin zombie (Ossuary)
  7 hobgoblin zombies (Ossuary)
  A jackal skeleton (D:7)
  2 jackal zombies (Ossuary)
  18 kobolds
  11 kobold zombies (Ossuary)
  8 orc zombies (Ossuary)
  A quokka zombie (D:5)
  8 rats
  A briar patch (Swamp:4)
  A fungus (Lair:6)
1086 creatures vanquished.

Vanquished Creatures (collateral kills)
  A skeletal warrior (D:15)
1 creature vanquished.

Vanquished Creatures (others)
  3 briar patches (Swamp:4)
  8 fungi
  3 plants
  7 toadstools (Swamp:1)
21 creatures vanquished.

Grand Total: 1108 creatures vanquished

Notes
Turn   | Place    | Note
--------------------------------------------------------------
     0 | D:1      | 4thArraOfDagon the Troll Warper began the quest for the Orb.
     0 | D:1      | Reached XP level 1. HP: 19/19 MP: 1/1
    71 | D:1      | Reached XP level 2. HP: 17/27 MP: 2/2
   172 | D:2      | Found a white marble altar of Elyvilon.
   172 | D:2      | Found a shadowy altar of Dithmenos.
   183 | D:2      | Found an opulent altar of Gozag.
   185 | D:2      | Found a snail-covered altar of Cheibriados.
   185 | D:2      | Found a basalt altar of Yredelemnul.
   191 | D:2      | Reached skill level 3 in Unarmed Combat
   199 | D:2      | Found a shattered altar of Ashenzari.
   200 | D:2      | Found a hazy altar of Hepliaklqana.
   200 | D:2      | Found a glowing silver altar of Zin.
   204 | D:2      | Reached XP level 3. HP: 33/33 MP: 3/3
   211 | D:2      | Became a worshipper of Cheibriados the Contemplative
   245 | D:2      | You fall through a shaft!
   404 | D:4      | Reached skill level 4 in Unarmed Combat
   404 | D:4      | Reached XP level 4. HP: 26/42 MP: 4/4
   414 | D:4      | Reached skill level 1 in Invocations
   468 | D:4      | Reached XP level 5. HP: 43/49 MP: 5/5
   473 | D:4      | Found a sand-covered staircase.
   486 | Ossuary  | Entered an ossuary
   501 | Ossuary  | Reached * piety under Cheibriados
   640 | Ossuary  | Reached ** piety under Cheibriados
   667 | Ossuary  | Reached skill level 5 in Unarmed Combat
   667 | Ossuary  | Reached XP level 6. HP: 42/59 MP: 6/6
  1003 | D:4      | Reached XP level 7. HP: 59/66 MP: 7/7
  1074 | D:5      | Entered Level 5 of the Dungeon
  1108 | D:5      | Reached *** piety under Cheibriados
  1140 | D:5      | Found Likoc's Jewellery Boutique.
  1150 | D:5      | Gained mutation: You are clumsy. (Dex -2) [potion of mutation]
  1150 | D:5      | Gained mutation: You are partially covered in molten scales. (AC +1) [potion of mutation]
  1150 | D:5      | Gained mutation: You possess an exceptional clarity of mind. [potion of mutation]
  1179 | D:5      | Found a basalt altar of Yredelemnul.
  1246 | D:6      | Reached skill level 6 in Unarmed Combat
  1309 | D:6      | Found an oddly glowing altar of Pakellas.
  1384 | D:6      | Learned a level 2 spell: Blink
  1386 | D:6      | Learned a level 1 spell: Animate Skeleton
  1391 | D:6      | Learned a level 4 spell: Passage of Golubria
  1529 | D:7      | Reached XP level 8. HP: 33/76 MP: 9/9
  1576 | D:7      | Reached skill level 7 in Unarmed Combat
  1596 | D:7      | Reached **** piety under Cheibriados
  1643 | D:7      | HP: 2/78 [ogre/giant club (27)]
  1648 | D:7      | Reached skill level 10 in Unarmed Combat
  1648 | D:7      | Reached XP level 9. HP: 3/89 MP: 7/12
  1651 | D:7      | jacquesderrida: oooooooooo
  1651 | D:7      | jacquesderrida: TWO
  1651 | D:7      | jacquesderrida: WHERE FROM
  1651 | D:7      | jacquesderrida: Little meng!...
  1651 | D:7      | Reached skill level 12 in Unarmed Combat
  1651 | D:7      | Reached XP level 10. HP: 6/102 MP: 7/13
  1675 | D:7      | Noticed Duvessa
  1675 | D:7      | Noticed Dowan
  1720 | D:7      | Killed Dowan
  1957 | D:8      | Noticed Erolcha
  2009 | D:8      | Lost mutation: You possess an exceptional clarity of mind. [potion of mutation]
  2009 | D:8      | Gained mutation: Your mind is acute. (Int +2) [potion of mutation]
  2009 | D:8      | Gained mutation: Potions and wands are less effective at restoring your health. [potion of mutation]
  2033 | D:8      | Found a flagged portal.
  2045 | Bailey   | Entered a bailey
  2063 | Bailey   | Noticed an orc warlord
  2159 | Bailey   | Found a runed gate.
  2161 | Bailey   | Found a runed gate.
  2163 | Bailey   | Found a runed gate.
  2170 | Bailey   | Noticed an orc knight
  2187 | Bailey   | Killed an orc knight
  2187 | Bailey   | Reached XP level 11. HP: 87/109 MP: 14/14
  2189 | Bailey   | Reached ***** piety under Cheibriados
  2388 | D:8      | jacquesderrida: reeeeee
  2438 | D:9      | Found a sparkling altar of Nemelex Xobeh.
  2480 | D:9      | Gained mutation: Your muscles are strong. (Str +2) [mutagenic meat]
  2481 | D:9      | Gained mutation: You are very clumsy. (Dex -4) [mutagenic meat]
  2589 | D:10     | Entered Level 10 of the Dungeon
  2768 | D:11     | Noticed a hill giant
  2777 | D:11     | Killed a hill giant
  2794 | D:11     | Noticed an unseen horror
  2805 | D:11     | Killed an unseen horror
  2822 | D:11     | Found a labyrinth entrance.
  2836 | D:11     | Noticed a hill giant
  2841 | D:11     | Killed a hill giant
  3103 | D:12     | Identified a scroll of acquirement
  3143 | D:12     | Noticed a green ugly thing
  3150 | D:12     | Killed a green ugly thing
  3154 | D:12     | Gained mutation: You tend to lose your temper in combat. [mutagenic meat]
  3194 | D:12     | Reached skill level 13 in Unarmed Combat
  3203 | D:12     | Found a flickering gateway to a bazaar.
  3210 | Bazaar   | Entered a bazaar
  3213 | Bazaar   | Found Figok's Jewellery Shop.
  3230 | Bazaar   | Found Geass's Armour Shop.
  3233 | Bazaar   | Found Hafipt's Distillery.
  3239 | Bazaar   | Found Jimuohum's Assorted Antiques.
  3246 | Bazaar   | Found Unej's Weapon Emporium.
  3248 | Bazaar   | Bought a scroll labeled FURIRO LYWOJUN for 27 gold pieces
  3254 | Bazaar   | Bought a potion of mutation for 27 gold pieces
  3254 | Bazaar   | Bought a potion of cure mutation for 275 gold pieces
  3254 | Bazaar   | Bought a potion of mutation for 27 gold pieces
  3274 | Bazaar   | Bought the ring of Ryig {SustAt rF+ Str+3 Dex+3} for 749 gold pieces
  3277 | Bazaar   | Lost mutation: You are partially covered in molten scales. (AC +1) [potion of cure mutation]
  3277 | Bazaar   | Lost mutation: You tend to lose your temper in combat. [potion of cure mutation]
  3277 | Bazaar   | Lost mutation: Your mind is acute. (Int +2) [potion of cure mutation]
  3277 | Bazaar   | Lost mutation: Potions and wands are less effective at restoring your health. [potion of cure mutation]
  3278 | Bazaar   | Gained mutation: You are partially covered in rugged brown scales. (AC +1, +3% HP) [potion of mutation]
  3278 | Bazaar   | Gained mutation: You have a beak for a mouth. [potion of mutation]
  3279 | Bazaar   | Gained mutation: You possess an exceptional clarity of mind. [potion of mutation]
  3279 | Bazaar   | Gained mutation: You have a pair of small horns on your head. [potion of mutation]
  3293 | D:12     | Found a glowing silver altar of Zin.
  3302 | D:12     | Noticed a cyan ugly thing
  3302 | D:12     | Noticed a green ugly thing
  3308 | D:12     | Killed a cyan ugly thing
  3313 | D:12     | Killed a cyan ugly thing
  3322 | D:12     | Gained mutation: Your mind is acute. (Int +2) [mutagenic meat]
  3350 | D:12     | Noticed Sonja
  3350 | D:12     | Noticed a hill giant
  3352 | D:12     | Killed Sonja
  3360 | D:12     | Killed a hill giant
  3406 | D:12     | Found a staircase to the Orcish Mines.
  3466 | Orc:1    | Entered Level 1 of the Orcish Mines
  3523 | Orc:1    | Reached XP level 12. HP: 122/122 MP: 16/16
  3591 | Orc:2    | Entered Level 2 of the Orcish Mines
  3732 | Orc:2    | Reached ****** piety under Cheibriados
  3753 | Orc:2    | Found a dark tunnel.
  3759 | Volcano  | Entered a volcano
  3849 | Volcano  | Reached skill level 14 in Unarmed Combat
  3849 | Volcano  | Reached XP level 13. HP: 131/131 MP: 16/18
  3983 | Orc:1    | Noticed a stone giant
  3998 | Orc:1    | Killed a stone giant
  4066 | Orc:2    | Paralysed by an orc sorcerer for 7 turns
  4110 | Orc:1    | Noticed Snorg
  4121 | Orc:2    | Found a staircase to the Elven Halls.
  4336 | Orc:2    | Found Toiluneh's Jewellery Emporium.
  4336 | Orc:2    | Found Bory Nie's Antique Armour Boutique.
  4340 | Orc:2    | Found Kentor's Distillery.
  4340 | Orc:2    | Found Hakuemid's Armour Boutique.
  4353 | Orc:2    | Bought a potion of curing for 45 gold pieces
  4353 | Orc:2    | Bought a potion of cancellation for 120 gold pieces
  4353 | Orc:2    | Bought a potion of heal wounds for 75 gold pieces
  4353 | Orc:2    | Bought a potion of beneficial mutation for 525 gold pieces
  4353 | Orc:2    | Bought a potion of flight for 45 gold pieces
  4353 | Orc:2    | Bought a potion of curing for 45 gold pieces
  4353 | Orc:2    | Gained mutation: You have a pair of horns on your head. [potion of beneficial mutation]
  4408 | Orc:1    | Killed Snorg
  4408 | Orc:1    | Reached skill level 15 in Unarmed Combat
  4594 | D:13     | Found a gate to the Vaults.
  4621 | D:13     | magipi: go go
  4710 | D:14     | Reached skill level 1 in Shields
  4822 | D:14     | Reached XP level 14. HP: 57/145 MP: 3/19
  4975 | D:15     | Entered Level 15 of the Dungeon
  5061 | D:15     | Noticed a vampire knight
  5075 | D:15     | Killed a vampire knight
  5080 | D:15     | Was placed under penance by Cheibriados
  5101 | D:15     | Noticed a fire giant
  5124 | D:15     | Was forgiven by Cheibriados
  5184 | D:15     | Noticed a sphinx
  5200 | D:15     | Killed a sphinx
  5222 | D:15     | Noticed a frost giant
  5230 | D:15     | Killed a frost giant
  5268 | D:15     | Reached skill level 16 in Unarmed Combat
  5291 | D:15     | Got a bone dagger
  5318 | D:15     | Reached skill level 10 in Fighting
  5398 | D:15     | Reached skill level 10 in Dodging
  5494 | D:15     | Reached skill level 1 in Evocations
  5498 | D:15     | Got an ancient robe
  5506 | D:15     | Reached skill level 5 in Shields
  5782 | D:15     | magipi: wtf
  5885 | D:14     | Gained mutation: You are somewhat resistant to further mutation. [potion of mutation]
  5944 | D:13     | You fall through a shaft for 2 floors!
  5980 | D:15     | 4thArraOfDagon: rip
  5980 | D:15     | 4thArraOfDagon: shaft into death trap
  5980 | D:15     | magipi: chei sux
  5995 | D:15     | Reached XP level 15. HP: 11/154 MP: 11/20
  6032 | D:15     | magipi: I dunno how you did this
  6041 | D:15     | Killed a fire giant
  6083 | D:15     | 4thArraOfDagon: dik
  6083 | D:15     | 4thArraOfDagon: idk
  6123 | D:14     | magipi: I also dunno why you'd go back to the death trap :D
  6155 | D:13     | 4thArraOfDagon: :S
  6240 | D:13     | Identified the +1 robe of Virtue {rN+ Slay+2} (You found it on level 15 of the Dungeon)
  6619 | D:11     | magipi: why don't you kill hydras with rocks?
  6659 | D:11     | Found a staircase to the Lair.
  6666 | Lair:1   | Entered Level 1 of the Lair of Beasts
  6726 | Lair:1   | 4thArraOfDagon: man, picking those rocks
  6754 | Lair:1   | 4thArraOfDagon: is worse than hydra themselves
  6773 | Lair:1   | magipi: :D
  6869 | Lair:3   | Reached skill level 17 in Unarmed Combat
  6945 | Lair:4   | magipi: holy shit
  6984 | Lair:4   | jacquesderrida: ayyyyyyyyyyyyyyyyyyyyyyyyyyyyyyyyyyyyy
  6994 | Lair:4   | Got a twisted quarterstaff
  6999 | Lair:4   | 4thArraOfDagon: whataaaa
  6999 | Lair:4   | jacquesderrida: AX WIELDING BEES
  7006 | Lair:4   | jacquesderrida: oooooooooooooo
  7019 | Lair:4   | jacquesderrida: armer manuel
  7109 | Lair:4   | Found a radiant altar of Vehumet.
  7311 | Lair:6   | Entered Level 6 of the Lair of Beasts
  7358 | Lair:6   | Identified the +5 dagger "Koxob" {pierce, rC+} (You found it on level 15 of the Dungeon)
  7700 | Lair:6   | Reached XP level 16. HP: 166/166 MP: 21/21
  7720 | Lair:6   | Found a snail-covered altar of Cheibriados.
  8143 | Lair:2   | Found a hole to the Spider Nest.
  8230 | Lair:2   | Found a staircase to the Swamp.
  8277 | Swamp:1  | Entered Level 1 of the Swamp
  8283 | Swamp:1  | Reached skill level 1 in Armour
  8460 | Swamp:1  | Noticed a thorn hunter
  8477 | Swamp:2  | Noticed a thorn hunter
  8484 | Swamp:2  | Killed a thorn hunter
  8484 | Swamp:2  | Reached skill level 5 in Armour
  8923 | Swamp:4  | Entered Level 4 of the Swamp
  8941 | Swamp:4  | Noticed a thorn hunter
  8950 | Swamp:4  | Killed a thorn hunter
  9043 | Swamp:4  | Reached skill level 10 in Armour
  9131 | Swamp:4  | Got a decaying rune of Zot
  9401 | Spider:1 | Entered Level 1 of the Spider Nest
  9418 | Spider:1 | Found a frozen archway.
  9433 | IceCv    | Entered an ice cave
  9446 | IceCv    | Reached XP level 17. HP: 123/175 MP: 19/22
  9447 | IceCv    | jacquesderrida: oooooooooooo
  9475 | IceCv    | jacquesderrida: ugler
  9537 | IceCv    | jacquesderrida: ejjjjjjjj
  9588 | IceCv    | magipi: is this fuckimg cave woth it?
  9637 | IceCv    | magipi: what loot are we hoping for?
  9655 | IceCv    | jacquesderrida: all da loot
  9766 | Spider:2 | Noticed Louise
  9777 | Spider:2 | Killed Louise
  9993 | Spider:4 | Entered Level 4 of the Spider Nest
 10037 | Spider:4 | Noticed Agnes
 10046 | Spider:4 | Killed Agnes
 10078 | Spider:4 | Noticed Wiglaf
 10080 | Spider:4 | magipi: wow, Agnes went down fast
 10092 | Spider:4 | Killed Wiglaf
 10138 | Spider:4 | Noticed Arachne
 10148 | Spider:4 | Killed Arachne
 10189 | Spider:4 | Noticed Mara
 10191 | Spider:4 | Noticed 4thArraOfDagon's illusion
 10230 | Spider:4 | Noticed 4thArraOfDagon's illusion
 10449 | Spider:4 | Noticed 4thArraOfDagon's illusion
 10493 | Spider:4 | Noticed 4thArraOfDagon's illusion
 10526 | Spider:4 | Noticed 4thArraOfDagon's illusion
 10578 | Spider:4 | Noticed 4thArraOfDagon's illusion
 10578 | Spider:4 | Killed Mara
 10750 | Spider:4 | Reached skill level 10 in Shields
 10857 | Spider:4 | Got a gossamer rune of Zot
 11015 | Spider:2 | Noticed Frances
 11022 | Spider:2 | Reached XP level 18. HP: 171/184 MP: 23/23
 11036 | Spider:2 | Killed Frances
 11242 | Lair:5   | Found a staircase to the Slime Pits.
 11242 | Lair:5   | Found a viscous altar of Jiyva.
 11252 | Slime:1  | Entered Level 1 of the Pits of Slime
 11300 | Lair:5   | :)
 11591 | Slime:5  | Entered Level 5 of the Pits of Slime
 11917 | Slime:5  | Found a viscous altar of Jiyva.
 11924 | Slime:5  | Paralysed by a great orb of eyes for 7 turns
 11925 | Slime:5  | Noticed the Royal Jelly
 11950 | Slime:5  | Killed the Royal Jelly
 11969 | Slime:5  | Learned a level 6 spell: Statue Form
 11989 | Slime:5  | Got a slimy rune of Zot
 12033 | Slime:5  | Got a bound iron amulet
 12066 | Slime:5  | Identified the amulet of Mathrorch {Faith rC- MP+9 Str+4 Dex+4} (You found it on level 5 of the Pits of Slime)
 12082 | Slime:5  | Got a smoking ruby amulet
 12105 | Slime:5  | Identified a +6 rod of shadows (12/12) (You found it on level 5 of the Pits of Slime)
 12110 | Slime:5  | Identified the amulet "Fetraagan" {Dismiss Str+2 Dex+6} (You found it on level 5 of the Pits of Slime)
 12270 | Lair:1   | Noticed Joseph
 12279 | Lair:1   | Killed Joseph
 12382 | Elf:1    | Entered Level 1 of the Elven Halls
 12395 | Elf:1    | Found a deep blue altar of Sif Muna.
 12500 | Elf:1    | Reached skill level 15 in Armour
 12579 | Elf:1    | Reached skill level 1 in Earth Magic
 12623 | Elf:1    | Reached skill level 1 in Transmutations
 12704 | Elf:3    | Entered Level 3 of the Elven Halls
 12706 | Elf:3    | Noticed Liquid's ghost (adept GrMo)
 12729 | Elf:2    | Reached XP level 19. HP: 192/192 MP: 24/24
 12817 | Elf:3    | Cast into level 2 of the Abyss (a deep elf demonologist)
 12841 | Elf:3    | Escaped the Abyss
 12842 | Elf:3    | wb
 12926 | Elf:3    | kroki: hi
 12942 | Elf:3    | kroki: you tried aa for the slow?
 12943 | Elf:3    | Shot with an arrow by a deep elf master archer

Vault maps used:
D:1:      shiori_shiawase, minmay_newt_pond
D:2:      grunt_temple_overflow_open, minmay_randomly_rotated_circles
D:4:      old_standard_altar, chequers_ossuary_entry_cave, first_bread
D:5:      serial_shops, shop, yredelemnul_altar_generic
D:6:      tso_metal_star, kennysheep_mini_moat
D:7:      vehumet_statue, uniq_duvessa
D:8:      enter_bailey_2, grunt_pizzeria, uniq_erolcha
D:9:      nemelex_xobeh_ov_fountains_minmay, special_room
D:10:     roderic_hopi_sauvastika, minmay_misc_feat_diagonals
D:11:     grunt_lair_entry_orc_guard_hut, lab_entry_generic
D:12:     serial_shops, bzr_in_the_mist, basic_altar, uniq_rupert, uniq_sonja
D:13:     minmay_crescents, lightli_vaults_fourway_checkpoint
D:14:     hangedman_decor_clover_reticule
D:15:     gammafunk_enter_depths_forms, corexii_corridor_pit,
          minmay_the_grid_3x2
Lair:1:   uniq_joseph
Lair:2:   swamp_mist_pool, spider_nest_entry_a
Lair:3:   hangedman_lair_unloving_vines
Lair:4:   regret_index_bee_streams, basic_altar, nicolae_quartered_pool_little
Lair:5:   slime_altar_1
Lair:6:   hangedman_lair_tendril_chambers, basic_altar
Swamp:1:  cheibrodos_swamp_tower_of_moss, hangedman_swamp_pad,
          infiniplex_staircase_pool_2
Swamp:2:  evilmike_swamp_ruin_rubble_1
Swamp:3:  serial_swamp_ruin, evilmike_swamp_ruin_house_6,
          evilmike_swamp_ruin_house_1, uniq_kirke
Swamp:4:  swamp_alternative
Spider:1: portal_ice_cave_entry_ice_statue_two
Spider:2: uniq_louise, uniq_frances
Spider:4: grunt_spider_rune_circles, uniq_arachne, uniq_agnes, uniq_wiglaf,
          uniq_mara
Orc:1:    uniq_snorg
Orc:2:    grunt_orc_tribal_feast, nicolae_volcano_entry_s_turn
Elf:1:    basic_altar, kennysheep_underground_church
Elf:2:    serial_shops, nicolae_shop_crystal, uniq_nikola, uniq_asterion
Elf:3:    grunt_elf_hall_asides, serial_shops, shop, minivault_27,
          basic_stair_grate_trap, uniq_bai_suzhen
Abyss:3:  kilobyte_mutagenic_chamber, evilmike_abyss_rune_siren_acolytes,
          evilmike_abyss_exit_16
Bazaar:   bazaar_kb_twisted_cavern
Ossuary:  ossuary_tomb_1
Bailey:   bailey_axe_bossmonster_kennysheep, bailey
IceCv:    ice_cave_statue_garden_chambered
Volcano:  volcano_overflow

Skill      XL: |  1  2  3  4  5  6  7  8  9 10 11 12 13 14 15 16 17 18 19 |
---------------+----------------------------------------------------------+-----
Unarmed Combat | 3 4 5 6 10 12 13 14 15 16 17 | 17.5
Dodging        | 2 3 6 7 8 9 10 11 | 11.0
Invocations    | 1 2 3 6 7 8 |  8.2
Fighting       | 2 3 6 7 8 9 10 11 | 11.2
Translocations | 3 |  3.1
Shields        | 1 5 7 8 10 12 | 12.0
Evocations     | 2 4 |  4.4
Armour         | 11 13 15 | 15.0
Spellcasting   | 3 |  3.5
Earth Magic    | 1 4 |  4.7
Transmutations | 1 4 |  4.0
Throwing       | |  0.8

Action                   |  1- 3 |  4- 6 |  7- 9 | 10-12 | 13-15 | 16-18 | 19-21 || total
-------------------------+-------+-------+-------+-------+-------+-------+-------++-------
Melee: Unarmed           |    81 |   178 |   121 |   321 |   712 |  1032 |    93 ||  2538
       Punch             |       |     8 |     8 |    18 |    12 |       |       ||    46
       Headbutt          |       |       |       |    27 |   233 |   384 |    30 ||   674
       Peck              |       |       |       |    21 |   204 |   345 |    30 ||   600
       Scimitar          |       |       |       |       |     9 |    29 |       ||    38
 Fire: Blowgun           |       |       |       |       |    13 |     2 |       ||    15
Throw: Tomahawk          |       |       |     2 |     2 |       |       |       ||     4
       Large rock        |       |       |       |       |     6 |    15 |       ||    21
       Throwing net      |       |       |       |       |       |     3 |       ||     3
 Cast: Blink             |       |       |     1 |       |     3 |     1 |       ||     5
       Passage of Golubr |       |       |       |     4 |       |     6 |       ||    10
       Apportation       |       |       |       |       |       |     4 |       ||     4
Invok: Slouch            |       |       |       |     8 |    17 |    19 |     3 ||    47
       Bend Time         |       |       |       |       |     8 |     2 |       ||    10
       Temporal Distorti |       |       |       |       |     8 |    10 |       ||    18
Evoke: Wand              |       |       |       |     3 |     7 |     9 |     3 ||    22
       Fan of gales      |       |       |       |       |     1 |     1 |       ||     2
  Use: Scroll            |     2 |       |     2 |    11 |    19 |    16 |     4 ||    54
       Potion            |       |       |     4 |     6 |    18 |     4 |     4 ||    36
 Stab: Sleeping          |     1 |       |       |       |     5 |       |       ||     6
       Invisible         |       |       |       |     4 |     1 |       |       ||     5
       Distracted        |       |       |       |       |     1 |       |       ||     1
       Held in net/web   |       |       |       |       |       |     1 |       ||     1
  Eat: Chunk             |     6 |     4 |       |    25 |    31 |    38 |       ||   104
       Beef jerky        |     1 |     1 |       |       |       |     1 |     1 ||     4
       Pizza             |       |       |       |       |     1 |     1 |       ||     2
       Royal jelly       |       |       |       |       |       |     2 |       ||     2
       Fruit             |       |       |       |       |       |     1 |       ||     1
Armor: Robe              |    28 |    59 |    18 |    90 |    66 |    11 |       ||   272
       Gold dragon armou |       |       |       |       |       |   429 |    29 ||   458
Dodge: Dodged            |    43 |    87 |    62 |   345 |   350 |   454 |    17 ||  1358
Block: Shield            |       |       |       |       |   367 |   868 |    53 ||  1288
